 Dungeon Sprint DCSS version 0.25.1-2-g60ff931df9 (webtiles) character file.

Game seed: 5755270363182310879

44237 Cadaver the Pulveriser (level 14, 0/106 HPs)
             Began as a Gargoyle Gladiator on Nov 6, 2020.
             Was the Champion of Okawaru.
             Slain by a green draconian monk (5 damage)
             ... while paralysed
             ... in the Dungeon (Sprint VII: "The Pits").
             The game lasted 00:38:44 (7026 turns).

Cadaver the Pulveriser (Gargoyle Gladiator)         Turns: 7026, Time: 00:38:45

Health: 0/106      AC: 26    Str: 22    XL:     14   Next: 27%
Magic:  23/23      EV:  2    Int: 13    God:    Okawaru [******]
Gold:   42         SH:  0    Dex: 15    Spells: 11/13 levels left

rFire    + . .     SeeInvis .   H - +8 quarterstaff "Ahunwul" {venom, *Drain rF+ rC+ Dex+2}
rCold    + + +     Gourm    .   (shield currently unavailable)
rNeg     + . .     Faith    .   w - +0 acid dragon scales
rPois    ∞         Spirit   .   c - +0 helmet
rElec    +         Reflect  .   B - +0 cloak
rCorr    +         Harm     .   a - +0 pair of gloves of Koesch {-Tele rC++ MR+ Str+2}
MR       ++...     NoTele   +   (no boots)
Stlth    +++++.....             (no amulet)
HPRegen  0.27/turn              x - +3 ring of intelligence
MPRegen  0.18/turn              y - +3 ring of evasion

@: paralysed, heroism, berserk cooldown, slowed
A: big wings, negative energy resistance 1, electricity resistance, unbreathing,
petrification resistance, rot immunity, AC +10
a: Fly, Heroism, Finesse, Renounce Religion


You were in the Dungeon.
You worshipped Okawaru.
Okawaru was exalted by your worship.
You were not hungry.

You visited 1 branch You collected 42 gold pieces.

Inventory:

Hand Weapons
 b - a +0 lajatang
 l - a +2 quarterstaff
 t - a +4 quarterstaff of chaos
 v - a +6 quarterstaff of speed
 H - the +8 quarterstaff "Ahunwul" (weapon) {venom, *Drain rF+ rC+ Dex+2}
   (Okawaru gifted it to you in the Dungeon)

   It poisons the flesh of those it strikes.
   It affects your dexterity (+2).
   It protects you from fire.
   It protects you from cold.
   It causes draining when unequipped.
 M - a +0 quarterstaff of draining
Missiles
 r - 54 stones
 u - 17 silver javelins
 E - 9 boomerangs
 L - 13 javelins (quivered)
 Q - 13 poisoned darts
 U - 7 atropa-tipped darts
Armour
 a - the +0 pair of gloves of Koesch (worn) {-Tele rC++ MR+ Str+2}
   (Okawaru gifted it to you in the Dungeon)

   It affects your strength (+2).
   It greatly protects you from cold.
   It affects your resistance to hostile enchantments.
   It prevents most forms of teleportation.
 c - a +0 helmet (worn)
 w - +0 acid dragon scales (worn)
 A - a +0 pair of gloves
 B - a +0 cloak (worn)
 O - a +2 kite shield
 V - +0 gold dragon scales
Magical Staves
 s - an uncursed staff of energy
 T - an uncursed staff of earth
Jewellery
 d - the amulet of Wikluroti {Faith rPois MR+ Stlth+}
   (You took it off a minotaur in the Dungeon)

   [amulet of faith]

   It allows you to gain divine favour quickly.
   It protects you from poison.
   It affects your resistance to hostile enchantments.
   It makes you more stealthy.
 x - a +3 ring of intelligence (left hand)
 y - a +3 ring of evasion (right hand)
 C - an uncursed ring of fire
 N - the ring "Siyloet" {rPois MR+ Stlth+}
   (You took it off Donald in the Dungeon)

   [ring of stealth]

   It protects you from poison.
   It affects your resistance to hostile enchantments.
   It makes you more stealthy.
 P - an uncursed ring of resist corrosion
 S - an uncursed ring of fire
Scrolls
 k - 4 scrolls of blinking
 n - 5 scrolls of remove curse
 o - 5 scrolls of amnesia
 p - a scroll of summoning
 q - 2 scrolls of vulnerability
 D - a scroll of identify
 J - a scroll of fear
 K - a scroll of fog
Potions
 e - 7 potions of curing
 g - 4 potions of heal wounds
 h - 3 potions of haste
 i - 4 potions of magic
 j - 3 potions of berserk rage
 m - a potion of invisibility
 z - 3 potions of stabbing
 G - 2 potions of might
 I - a potion of brilliance
Miscellaneous
 F - a tin of tremorstones (3/3)
 R - 2 boxes of beasts
Comestibles
 f - 11 rations
 W - 5 chunks of flesh


   Skills:
 + Level 19.4(24.4) Fighting
 + Level 22.0(27) Staves
 + Level 10.1(15.1) Throwing
 + Level 11.8(16.8) Armour
 + Level 12.9(17.9) Dodging
 + Level 6.7(11.7) Stealth
 + Level 12.4 Invocations
 + Level 1.2 Evocations


You had 11 spell levels left.
You knew the following spells:

 Your Spells              Type           Power        Failure   Level  Hunger
a - Blink                 Tloc           N/A          47%         2    ###....

Your spell library contained the following spells:

 Spells                   Type           Power        Failure   Level  Hunger
 Infusion                 Chrm           #...         34%         1    ##.....
 Shroud of Golubria       Chrm/Tloc      #.....       47%         2    ###....
 Swiftness                Chrm/Air       #.......     47%         2    ###....
 Gell's Gravitas          Tloc           #.........   71%         3    ####...
 Lesser Beckoning         Tloc           #.........   71%         3    ####...
 Ozocubu's Armour         Chrm/Ice       #.......     71%         3    ####...
 Teleport Other           Tloc           #.......     71%         3    ####...
 Ice Form                 Ice/Tmut       #.......     98%         4    #####..
 Iskenderun's Mystic Bla  Conj/Tloc      #.......     98%         4    #####..
 Passage of Golubria      Tloc           N/A          98%         4    #####..
 Metabolic Englaciation   Hex/Ice        #.........   100%        5    ######.
 Freezing Cloud           Conj/Ice/Air   #.........   100%        6    #######
 Ozocubu's Refrigeration  Ice            #.........   100%        6    #######
 Simulacrum               Ice/Necr       #.........   100%        6    #######
 Controlled Blink         Tloc           N/A          100%        8    #######


Dungeon Overview and Level Annotations

Branches:
Dungeon (1/1)

Altars:
Ashenzari
Cheibriados
Dithmenos
Elyvilon
Fedhas
Gozag
Hepliaklqana
Kikubaaqudgha
Makhleb
Nemelex Xobeh
Okawaru
Qazlal
Ru
Sif Muna
Trog
Uskayaw
Vehumet
Wu Jian
Xom
Yredelemnul
Zin
The Shining One
Beogh
Jiyva
Lugonu


Innate Abilities, Weirdness & Mutations

You are resistant to torment.
Your stone body is resilient. (AC +10)
You are immune to poison.
Your large and strong wings let you fly indefinitely.
You resist negative energy. (rN+)
You are resistant to electric shocks. (rElec)
You can survive without breathing.
You are immune to petrification.
You are immune to rotting.


Message History

* * * LOW HITPOINT WARNING * * *
The green draconian monk closely misses you.
The green draconian monk tail-slaps you but does no damage.
The green draconian monk completely misses you.
You bludgeon the green draconian monk!!
The green draconian monk is heavily wounded.
Unknown command.
The green draconian monk completely misses you.
The green draconian monk kicks you but does no damage.
The green draconian monk completely misses you.
The green draconian monk misses you.
Your acid dragon scales prevents you from hitting the green draconian monk.
The green draconian monk is heavily wounded.
You sock the green draconian monk!
The green draconian monk is severely wounded.
You are no longer berserk.
You pass out from exhaustion.
You feel yourself slow down. The green draconian monk hits you.
You die...

#####++##### #..........#
#..........# +.†#....#..# +#++#
+..........# ..... #....@q....#
......
############..#..°°#..#####..#..#
..........')....°°°...##..'......
..)....)..''...°°.°...##..'......
########..##..#....#..##..#''#
.#.#.#.#..##..........''.....#
#.#.#.##..##().)()(...''.....#
|#.#.#.#..####''####''########
#.#.#.##..####))####''#########


You could see a green draconian monk.

Vanquished Creatures
  A golden dragon (D)
  A quicksilver dragon (D)
  A sphinx (D)
  Kirke (D)
  A shadow dragon (D)
  A storm dragon (D)
  Donald (D)
  A daeva (D)
  A draconian knight (D)
  A nagaraja (D)
  An orc warlord (D)
  A frost giant (D)
  A stone giant (D)
  A white draconian (D)
  A minotaur (D)
  An ettin (D)
  A deep elf high priest (D)
  An ice dragon (D)
  A hell beast (D)
  An anaconda (D)
  A centaur warrior (D)
  A death yak (D)
  A spriggan berserker (D)
  4 hell hogs (D)
  A fire crab (D)
  An unseen horror (D)
  A sea snake (D)
  A flayed ghost (D)
  3 harpies (D)
  A manticore (D)
  A large abomination (D)
  A wolf spider (D)
  A spiny frog (D)
  An orange demon (D)
  A rime drake (D)
  3 kobold demonologists (D)
  A komodo dragon (D)
  A tormentor (D)
  2 yaktaurs (D)
  An ice devil (D)
  A red devil (D)
  A hellwing (D)
  A wandering mushroom (D)
  A guardian mummy (D)
  A wind drake (D)
  A hornet (D)
  2 jumping spiders (D)
  2 snapping turtles (D)
  8 redbacks (D)
  A shadow (D)
  2 tarantellas (D)
  A spriggan (D)
  5 hogs (D)
  A basilisk (D)
  A hungry ghost (D)
  2 acid dragons (D)
  A warg (D)
  3 porcupines (D)
  2 floating eyes (D)
  2 orc warriors (D)
  A phantom (D)
  A sky beast (D)
  A black bear (D)
  An ogre (shapeshifter) (D)
  2 ogres (D)
  12 wolves (D)
  A crocodile (D)
  A gnoll sergeant (D)
  A scorpion (D)
  4 killer bees (D)
  2 crimson imps (D)
  A quasit (D)
  3 orc priests (D)
  Crazy Yiuf (D)
  2 orc wizards (D)
  An iron imp (D)
  A worker ant (D)
  Ijyb (D)
  Terence (D)
  3 gnolls (D)
  A river rat (D)
  An adder (D)
  2 oozes (D)
  A leopard gecko (D)
  9 orcs (D)
  A bat zombie (D)
  A goblin (D)
  A hobgoblin (D)
  A ball python skeleton (D)
  2 bats (D)
  3 frilled lizards (D)
  2 giant cockroach zombies (D)
  A kobold (D)
  A quokka skeleton (D)
155 creatures vanquished.

Notes
Turn   | Place    | Note
-------+----------+-------------------------------------------
     0 | D        | Cadaver the Gargoyle Gladiator began the quest for the Orb.
     0 | D        | Reached XP level 1. HP: 12/12 MP: 1/1
    43 | D        | Found a glowing golden altar of the Shining One.
    43 | D        | Found a glowing silver altar of Zin.
    43 | D        | Found a basalt altar of Yredelemnul.
    43 | D        | Found a shimmering altar of Xom.
    43 | D        | Found an ornate altar of the Wu Jian Council.
    43 | D        | Found a bloodstained altar of Trog.
    43 | D        | Found a shimmering blue altar of Sif Muna.
    43 | D        | Found a sacrificial altar of Ru.
    43 | D        | Found a stormy altar of Qazlal.
    43 | D        | Found an iron altar of Okawaru.
    43 | D        | Found a sparkling altar of Nemelex Xobeh.
    43 | D        | Found a burning altar of Makhleb.
    43 | D        | Found a viscous altar of Jiyva.
    43 | D        | Found a hazy altar of Hepliaklqana.
    43 | D        | Found an opulent altar of Gozag.
    43 | D        | Found a blossoming altar of Fedhas.
    43 | D        | Found a white marble altar of Elyvilon.
    43 | D        | Found a shadowy altar of Dithmenos.
    43 | D        | Found a snail-covered altar of Cheibriados.
    44 | D        | Found a radiant altar of Vehumet.
    44 | D        | Found a corrupted altar of Lugonu.
    44 | D        | Found a roughly hewn altar of Beogh.
    45 | D        | Found a hide-covered altar of Uskayaw.
    45 | D        | Found an ancient bone altar of Kikubaaqudgha.
    45 | D        | Found a shattered altar of Ashenzari.
    51 | D        | Became a worshipper of Warmaster Okawaru
    83 | D        | Reached skill level 4 in Staves
   104 | D        | Reached XP level 2. HP: 18/18 MP: 2/2
   108 | D        | Noticed a scorpion
   119 | D        | Reached skill level 5 in Staves
   119 | D        | Reached XP level 3. HP: 22/22 MP: 3/3
   122 | D        | Killed a scorpion
   122 | D        | Reached skill level 7 in Staves
   122 | D        | Reached skill level 1 in Armour
   122 | D        | Reached XP level 4. HP: 28/28 MP: 4/4
   355 | D        | Noticed an ogre
   376 | D        | Reached * piety under Okawaru
   376 | D        | Reached skill level 8 in Staves
   376 | D        | Reached XP level 5. HP: 32/33 MP: 5/5
   379 | D        | Killed an ogre
   379 | D        | Reached skill level 9 in Staves
   382 | D        | Reached skill level 10 in Staves
   382 | D        | Reached XP level 6. HP: 38/39 MP: 3/6
   436 | D        | Reached skill level 5 in Fighting
   436 | D        | Reached skill level 5 in Dodging
   477 | D        | Noticed Ijyb
   477 | D        | Noticed a hungry ghost
   482 | D        | Killed a hungry ghost
   482 | D        | Reached skill level 11 in Staves
   482 | D        | Reached XP level 7. HP: 44/44 MP: 7/7
   490 | D        | Killed Ijyb
   490 | D        | Reached skill level 12 in Staves
   506 | D        | Reached ** piety under Okawaru
   514 | D        | Reached skill level 1 in Invocations
   523 | D        | Reached skill level 13 in Staves
   551 | D        | Reached XP level 8. HP: 45/52 MP: 5/9
   560 | D        | Reached skill level 14 in Staves
   760 | D        | Reached *** piety under Okawaru
   796 | D        | Noticed a hellwing
   796 | D        | Noticed a guardian mummy
   852 | D        | Killed a hellwing
   852 | D        | Reached skill level 15 in Staves
   862 | D        | Killed a guardian mummy
   862 | D        | Reached skill level 1 in Stealth
   862 | D        | Reached XP level 9. HP: 39/59 MP: 8/11
  1020 | D        | Noticed a kobold demonologist
  1029 | D        | Killed a kobold demonologist
  1037 | D        | Noticed a wandering mushroom
  1037 | D        | Noticed a flayed ghost
  1071 | D        | Killed a flayed ghost
  1071 | D        | Reached **** piety under Okawaru
  1071 | D        | Reached skill level 16 in Staves
  1071 | D        | Reached skill level 5 in Armour
  1147 | D        | Killed a wandering mushroom
  1298 | D        | Noticed a komodo dragon
  1341 | D        | Killed a komodo dragon
  1498 | D        | Reached skill level 17 in Staves
  1498 | D        | Reached XP level 10. HP: 60/66 MP: 10/13
  1683 | D        | Reached skill level 10 in Fighting
  1752 | D        | Noticed Terence
  1816 | D        | Killed Terence
  2003 | D        | Noticed Kirke
  2041 | D        | Reached skill level 5 in Invocations
  2066 | D        | Reached ***** piety under Okawaru
  2265 | D        | Noticed a centaur warrior
  2416 | D        | Killed a centaur warrior
  2416 | D        | Received a gift from Okawaru
  2416 | D        | Reached skill level 18 in Staves
  2954 | D        | Noticed Crazy Yiuf
  3024 | D        | Killed Crazy Yiuf
  3024 | D        | Reached XP level 11. HP: 74/74 MP: 13/15
  3152 | D        | Noticed a death yak
  3192 | D        | Killed a death yak
  3367 | D        | Noticed a sixfirhy
  3505 | D        | Killed Kirke
  3505 | D        | Reached skill level 19 in Staves
  3505 | D        | Reached skill level 5 in Throwing
  3750 | D        | Noticed a manticore
  3773 | D        | Received a gift from Okawaru
  3774 | D        | Got an ivory quarterstaff {god gift}
  3802 | D        | Identified the +8 quarterstaff "Ahunwul" {venom, *Drain rF+
                  | rC+ Dex+2} (Okawaru gifted it to you in the Dungeon)
  3809 | D        | Killed a manticore
  3827 | D        | Noticed a hell hog
  3828 | D        | Noticed a hell hog
  3829 | D        | Noticed an ice dragon
  3843 | D        | Killed a hell hog
  3846 | D        | Killed a hell hog
  3847 | D        | Noticed a hell hog
  3857 | D        | Killed an ice dragon
  3860 | D        | Killed a hell hog
  3863 | D        | Received a gift from Okawaru
  3863 | D        | Reached skill level 10 in Armour
  3863 | D        | Reached XP level 12. HP: 83/85 MP: 16/18
  3980 | D        | Noticed an anaconda
  3982 | D        | Identified the amulet of Wikluroti {Faith rPois MR+ Stlth+}
  3982 | D        | Noticed a minotaur
  3998 | D        | Killed an anaconda
  4051 | D        | Reached skill level 15 in Fighting
  4051 | D        | Reached skill level 10 in Dodging
  4087 | D        | Identified the ring "Siyloet" {rPois MR+ Stlth+}
  4087 | D        | Noticed Donald
  4123 | D        | Killed Donald
  4123 | D        | Reached skill level 1 in Evocations
  4253 | D        | Reached skill level 20 in Staves
  4259 | D        | Noticed a hell hog
  4268 | D        | Killed a hell hog
  4320 | D        | Received a gift from Okawaru
  4434 | D        | Killed a minotaur
  4434 | D        | Received a gift from Okawaru
  4621 | D        | Reached skill level 10 in Invocations
  4809 | D        | Learned a level 2 spell: Blink
  4831 | D        | Noticed a nagaraja
  4841 | D        | Killed a nagaraja
  4948 | D        | Noticed an orc warlord
  5031 | D        | Killed an orc warlord
  5031 | D        | Reached XP level 13. HP: 94/95 MP: 20/20
  5220 | D        | Got the Grimoire of Augmentations and Dislocation
  5290 | D        | Received a gift from Okawaru
  5377 | D        | Noticed a frost giant
  5412 | D        | Killed a frost giant
  5444 | D        | Reached ****** piety under Okawaru
  5467 | D        | Noticed a daeva
  5467 | D        | Noticed a deep elf high priest
  5498 | D        | Killed a deep elf high priest
  5504 | D        | Killed a daeva
  5504 | D        | Received a gift from Okawaru
  5805 | D        | Noticed a shadow dragon
  5843 | D        | Killed a shadow dragon
  5843 | D        | Reached skill level 21 in Staves
  5899 | D        | Received a gift from Okawaru
  6157 | D        | Received a gift from Okawaru
  6171 | D        | Noticed a golden dragon
  6171 | D        | Noticed a storm dragon
  6215 | D        | Killed a golden dragon
  6215 | D        | Received a gift from Okawaru
  6215 | D        | Reached skill level 5 in Stealth
  6216 | D        | Got a pair of bloodstained gloves {god gift}
  6242 | D        | Identified the +0 pair of gloves of Koesch {-Tele rC++ MR+
                  | Str+2} (Okawaru gifted it to you in the Dungeon)
  6415 | D        | Killed a storm dragon
  6556 | D        | Paralysed by a floating eye for 2 turns
  6567 | D        | Noticed a quicksilver dragon
  6579 | D        | Noticed an ettin
  6581 | D        | Noticed a green draconian monk
  6596 | D        | Killed an ettin
  6606 | D        | Noticed a white draconian
  6616 | D        | Killed a white draconian
  6616 | D        | Gained mutation: Your large and strong wings let you fly
                  | indefinitely. [Gargoyle growth]
  6616 | D        | Reached XP level 14. HP: 65/104 MP: 19/23
  6658 | D        | Noticed a deep elf sorcerer
  6829 | D        | Noticed a sphinx
  6851 | D        | Killed a sphinx
  6874 | D        | Noticed a stone giant
  6893 | D        | Killed a stone giant
  6983 | D        | Noticed a purple draconian knight
  7008 | D        | Killed a purple draconian knight
  7008 | D        | Reached skill level 10 in Throwing
  7018 | D        | Killed a quicksilver dragon
  7018 | D        | Reached skill level 22 in Staves
  7021 | D        | HP: 7/159 [green draconian monk (18)]
  7026 | D        | Slain by a green draconian monk

Illustrated notes

Levels and vault maps discovered:
D:        pitsprint [storerooms_1, entrance_room_1, metal_vault_2, armoury_2,
          mini_pit_1, grid_room_1, main_hall_1, silver_pit, the_coven_3,
          the_vestibule_1, steel_vault_4, golden_pit, hallway_of_sentries,
          crystal_vault_4, iron_vault_2, final_vault]

Skill      XL: |  1  2  3  4  5  6  7  8  9 10 11 12 13 14 |
---------------+-------------------------------------------+-----
Staves         | 4 5 7 8 10 11 13 15 17 18 19 20 21 22 | 22.0
Throwing       | 2 3 4 5 8 9 10 | 10.1
Dodging        | 3 4 5 6 7 9 10 12 | 12.9
Fighting       | 3 4 5 6 8 9 11 14 16 18 19 | 19.4
Armour         | 1 2 3 4 5 8 10 11 | 11.8
Invocations    | 1 2 4 6 8 10 12 | 12.4
Stealth        | 1 2 3 5 6 |  6.7
Evocations     | 1 |  1.2

Action                   |  1- 3 |  4- 6 |  7- 9 | 10-12 | 13-15 || total
-------------------------+-------+-------+-------+-------+-------++-------
Melee: Quarterstaff      |    20 |    42 |   200 |   358 |   207 ||   827
Throw: Stone             |       |       |    11 |     1 |       ||    12
       Throwing net      |       |       |     1 |     2 |       ||     3
       Boomerang         |       |       |       |    30 |       ||    30
       Javelin           |       |       |       |       |     6 ||     6
Invok: Heroism           |       |     2 |    11 |    31 |    15 ||    59
       Finesse           |       |       |       |     1 |       ||     1
Evoke: Tin of tremorston |       |       |       |     1 |       ||     1
  Use: Potion            |     1 |       |       |     6 |     5 ||    12
       Scroll            |       |       |       |     5 |       ||     5
 Stab: Held in net/web   |       |       |     2 |     1 |       ||     3
       Sleeping          |       |       |     1 |     1 |     1 ||     3
       Invisible         |       |       |       |     4 |       ||     4
       Distracted        |       |       |       |       |     1 ||     1
  Eat: Chunk             |       |       |     3 |     7 |     4 ||    14
       Ration            |       |       |       |     1 |     1 ||     2
Armor: Leather armour    |     5 |     2 |       |       |       ||     7
       Scale mail        |       |     8 |    15 |       |       ||    23
       Acid dragon scale |       |       |    29 |    94 |    69 ||   192
Dodge: Dodged            |    14 |    21 |    72 |   250 |   165 ||   522
